Map: Port Aleksander LE

Players

Spirit - Winner!

  • Race: Protoss Protoss
  • League: Gold
  • Spawn Location: 5:00

Mesrob

  • Race: Terran Terran
  • League: Gold
  • Spawn Location: 11:00

VOD

Have the link to the VOD?

Description

Time

  • Played on: Jan. 13, 2019, 10:14 p.m.
  • Length: 20:32
Show
View Real Time Build Order
Export as new Build Order

Spirit Protoss - Winner!

Build Orders: Double Forge, Archon Immortal 

Get SALT Encoding   

  12  0:01  Probe  
  13  0:13  Probe  
  14  0:21  Pylon  
  14  0:25  Probe  
  15  0:39  Probe  
  15  0:41  Gateway  
  16  0:45  Assimilator  
  16  0:51  Probe  
  17  1:03  Probe  
  18  1:15  Probe  
  19  1:27  Probe  
  19  1:30  Cybernetics Core  
  20  1:40  Probe  
  20  1:45  Nexus  
  21  1:52  Probe  
  22  1:56  Warp Gate  
  22  2:04  Probe  
  23  2:18  Twilight Council  
  23  2:23  Pylon  
  23  2:27  Assimilator  
  23  2:38  Adept  
  23  2:41  Probe  
  26  2:53  Probe  
  28  2:58  Probe  
  28  3:01  Robotics Facility  
  28  3:05  Probe  
  29  3:12  Probe  
  30  3:17  Probe  
  30  3:19  Charge  
  31  3:24  Probe  
  32  3:33  Gateway x2  
  32  3:37  Probe x2  
  32  3:38  Pylon  
  34  3:44  Zealot  
  37  3:48  Observer  
  37  3:52  Probe  
  37  3:54  Probe  
  39  4:04  Probe  
  39  4:05  Zealot  
  39  4:06  Probe  
  39  4:09  Immortal  
  47  4:20  Forge  
  47  4:23  Forge  
  47  4:24  Probe  
  47  4:25  Probe  
  47  4:27  Zealot  
  47  4:29  Protoss Ground Weapons Level 1  
  47  4:30  Protoss Ground Armor Level 1  
  51  4:32  Zealot  
  53  4:41  Probe  
  53  4:44  Pylon  
  54  4:46  Assimilator  
  54  4:48  Assimilator  
  54  5:02  Observer, Probe x2  
  55  5:12  Zealot x3  
  62  5:19  Pylon  
  62  5:26  Pylon  
  62  5:37  Immortal, Probe x2  
  62  5:39  Gateway  
  62  5:40  Pylon  
  68  5:44  Gateway  
  68  5:46  Templar Archives  
  68  5:48  Zealot  
  68  5:49  Probe, Zealot  
  73  5:52  Pylon  
  73  5:54  Probe  
  74  6:01  Probe  
  75  6:14  Probe  
  75  6:15  Probe  
  77  6:26  Probe  
  77  6:27  Probe  
  79  6:34  Zealot  
  79  6:35  High Templar, Nexus  
  79  6:36  High Templar x2, Protoss Ground Weapons Level 2  
  79  6:37  Protoss Ground Armor Level 2  
  79  6:39  Probe x2  
  89  6:40  Immortal  
  93  6:56  Archon  
  93  7:01  Pylon  
  93  7:06  Pylon, Probe  
  94  7:10  Assimilator  
  94  7:15  Assimilator  
  94  7:19  Probe x2  
  100  7:23  Immortal  
  100  7:24  High Templar  
  100  7:25  Zealot x2  
  100  7:29  Archon  
  106  7:34  Gateway  
  106  7:36  Pylon  
  107  7:37  Pylon, Probe x2  
  108  7:46  Zealot  
  108  7:47  High Templar x2  
  108  7:49  Probe x2, Zealot  
  118  7:53  Gateway  
  118  8:00  Pylon  
  118  8:01  Archon  
  118  8:03  Immortal  
  118  8:04  Pylon  
  122  8:12  Probe x3, Robotics Facility  
  125  8:24  Probe x3  
  128  8:36  Probe x2  
  128  8:37  Probe  
  128  8:39  High Templar  
  128  8:40  High Templar  
  128  8:41  Zealot x4  
  139  8:46  Archon  
  143  8:48  Immortal  
  147  9:03  Probe x3  
  147  9:07  Pylon  
  150  9:12  High Templar  
  150  9:13  High Templar  
  150  9:14  Pylon  
  150  9:15  Pylon  
  154  9:17  Zealot  
  154  9:18  Pylon, Archon  
  156  9:26  Immortal  
  160  9:41  Protoss Ground Weapons Level 3  
  160  9:44  Zealot x2  
  164  9:46  High Templar x2  
  164  9:49  Immortal  
  164  9:51  High Templar x2  
  176  9:52  Archon  
  176  9:56  Nexus  
  176  10:01  Psionic Storm  
  176  10:18  Pylon  
  176  10:19  Pylon  
  176  10:22  Assimilator  
  176  10:24  Assimilator  
  176  10:33  High Templar x2  
  176  10:34  Zealot x4  
  188  11:01  High Templar  
  190  11:06  Immortal  
  190  11:07  Observer  
  190  11:10  Zealot x2  
  199  11:28  Observer  
  200  11:38  Observer  
  188  12:34  Immortal x2  
  119  12:49  Zealot  
  119  12:50  Zealot x6  
  133  13:13  Immortal  
  137  13:23  High Templar x4  
  137  13:24  High Templar x3  
  151  13:33  Archon x2  
  151  13:34  Archon  
  151  13:57  Zealot  
  151  13:58  Zealot x6  
  165  14:09  Immortal x2  
  145  14:25  Zealot x5  
  145  14:26  Zealot x2  
  123  14:48  Immortal x2, Robotics Facility x2  
  123  14:51  Pylon  
  131  14:53  Pylon  
  131  14:55  Pylon  
  131  15:06  Zealot x2  
  131  15:07  Zealot x3  
  137  15:08  High Templar  
  143  15:27  Immortal  
  147  15:31  Gateway  
  147  15:33  Gateway, Protoss Ground Armor Level 3  
  147  15:37  Gateway  
  147  15:38  Gateway  
  147  15:39  Gateway  
  147  15:41  Protoss Shields Level 1  
  147  15:44  High Templar x3  
  147  15:45  High Templar x4  
  147  15:46  Archon  
  147  15:48  Archon x2  
  147  15:49  Archon  
  161  15:50  Gateway  
  161  15:56  Immortal x2  
  161  15:57  Immortal  
  173  16:12  Nexus  
  173  16:14  Pylon  
  173  16:18  Pylon  
  173  16:22  Assimilator, Immortal  
  173  16:25  High Templar x5  
  183  16:26  High Templar x2  
  183  16:27  Assimilator  
  183  16:29  Archon x3  
  183  16:30  Archon  
  191  16:53  Immortal x2  
  199  16:59  Observer  
  187  17:59  High Templar x6  
  187  18:03  Archon x2  
  187  18:04  Archon  
  159  18:17  Stalker x3  
  159  18:18  Stalker x3  
  159  18:19  Stalker  
  135  18:54  Stalker x5  
  135  18:55  Stalker x4  
  149  18:56  Stalker x4  
  143  19:25  Stalker  
  143  19:26  Stalker x5  
  143  19:27  Stalker x6  
  143  19:28  Stalker  
  136  20:15  Stalker x5  
  136  20:16  Stalker x6  
  136  20:17  Stalker x2  
Show
View Real Time Build Order
Export as new Build Order

Mesrob Terran 

Build Orders: Mech 

Get SALT Encoding   

  12  0:00  SCV  
  13  0:12  SCV  
  14  0:23  Supply Depot  
  14  0:24  SCV  
  15  0:35  Refinery  
  15  0:44  SCV  
  16  0:51  Barracks  
  16  0:56  SCV  
  17  1:08  SCV  
  18  1:20  SCV  
  19  1:33  SCV  
  20  1:47  Orbital Command  
  20  1:51  Command Center  
  20  1:59  Marine  
  21  2:17  SCV  
  22  2:25  Barracks Tech Lab  
  22  2:26  Factory  
  22  2:31  SCV  
  23  2:39  Engineering Bay  
  23  2:40  Supply Depot  
  23  2:49  Refinery  
  23  3:02  SCV  
  23  3:03  Supply Depot  
  24  3:14  SCV  
  24  3:19  Missile Turret  
  25  3:25  Orbital Command  
  25  3:36  Bunker  
  25  3:41  Siege Tank  
  25  3:43  Missile Turret  
  25  3:44  Marine  
  29  3:55  SCV  
  30  4:05  Missile Turret  
  30  4:07  SCV  
  30  4:08  SCV  
  32  4:13  Refinery, Siege Tank  
  35  4:20  SCV  
  36  4:28  Armory  
  36  4:30  Missile Turret, SCV  
  37  4:32  SCV  
  38  4:45  Siege Tank  
  38  4:49  Factory  
  41  5:05  Refinery  
  41  5:16  Armory  
  41  5:24  Terran Vehicle Weapons Level 1  
  41  5:34  Factory  
  41  5:37  Siege Tank  
  44  5:55  SCV x2  
  46  6:03  Missile Turret  
  46  6:07  Factory Reactor, SCV x2  
  46  6:11  Terran Vehicle And Ship Armor Level 1  
  48  6:17  Thor  
  48  6:18  Command Center  
  54  6:22  Factory Tech Lab  
  54  6:25  Missile Turret  
  54  6:27  Supply Depot  
  54  6:36  Supply Depot  
  54  6:48  SCV x2  
  54  6:51  Supply Depot  
  56  6:58  Supply Depot  
  56  7:00  SCV x2  
  58  7:05  Thor  
  64  7:12  SCV x2  
  66  7:16  Supply Depot  
  66  7:22  Sensor Tower  
  66  7:24  SCV x2  
  66  7:25  Terran Vehicle Weapons Level 2  
  68  7:37  SCV x2  
  70  7:48  Thor  
  70  7:49  SCV x2  
  70  7:50  Sensor Tower  
  78  7:56  Missile Turret  
  78  8:00  Planetary Fortress  
  78  8:05  SCV  
  79  8:06  SCV  
  79  8:12  Refinery  
  80  8:17  Missile Turret, SCV  
  80  8:18  SCV  
  80  8:19  Thor  
  82  8:21  Hellbat  
  82  8:22  Hellbat  
  92  8:29  SCV  
  93  8:37  Supply Depot  
  93  8:38  Refinery  
  93  8:52  Thor  
  103  8:55  Hellbat x2  
  103  9:01  Factory  
  103  9:03  Supply Depot  
  103  9:14  Thor  
  109  9:17  SCV x2  
  109  9:18  SCV  
  112  9:29  Supply Depot, SCV  
  112  9:30  SCV  
  114  9:35  SCV  
  115  9:40  Command Center  
  115  9:41  SCV  
  115  9:42  SCV  
  115  9:45  Factory  
  117  9:47  SCV  
  117  9:49  Factory Tech Lab, Thor  
  117  9:51  Hellbat, Supply Depot  
  128  9:53  Hellbat  
  128  10:12  Thor  
  128  10:13  Supply Depot, Sensor Tower  
  134  10:29  Factory  
  134  10:35  Factory Reactor  
  134  10:36  Thor  
  134  10:37  Thor  
  134  10:38  Hellbat  
  134  10:39  Supply Depot  
  148  10:52  Hellbat  
  148  10:55  Planetary Fortress  
  150  10:59  Missile Turret  
  150  11:03  Supply Depot  
  150  11:08  SCV  
  150  11:09  SCV x2  
  153  11:20  Missile Turret  
  153  11:21  SCV x3  
  156  11:28  Supply Depot  
  156  11:33  SCV x3  
  156  11:35  Refinery, Factory Tech Lab, Thor  
  156  11:36  Thor x2  
  156  11:37  Hellbat x2  
  156  11:38  Hellbat x2  
  185  11:43  Missile Turret  
  185  11:45  SCV x2  
  187  11:53  Starport  
  187  11:58  Refinery, Supply Depot  
  187  12:05  Missile Turret  
  187  12:20  Supply Depot  
  187  12:28  Missile Turret  
  183  12:31  Starport  
  134  12:38  Thor  
  134  12:39  Thor  
  137  12:54  Thor x2  
  137  12:56  Hellbat x2  
  153  12:59  Hellbat  
  153  13:00  Hellbat, Supply Depot  
  157  13:09  Starport  
  157  13:17  Hellbat x2  
  161  13:21  Hellbat x2, Thor x2  
  178  13:27  Command Center, SCV x2  
  178  13:28  SCV  
  180  13:37  Thor  
  180  13:38  Supply Depot  
  180  13:39  Thor  
  192  13:43  Hellbat x2  
  192  13:44  Hellbat x2  
  200  13:49  Starport  
  200  14:08  Command Center  
  200  14:18  Command Center  
  200  14:20  Thor  
  165  14:27  Starport  
  112  14:40  Planetary Fortress  
  112  14:47  Command Center  
  112  14:49  Starport Tech Lab  
  112  14:50  Starport Tech Lab x3  
  112  14:58  Fusion Core  
  111  15:03  Thor x3  
  111  15:04  Starport, Thor  
  111  15:05  Hellbat x2  
  111  15:06  Hellbat x2  
  143  15:13  Refinery  
  143  15:36  Missile Turret  
  143  15:39  Refinery  
  143  15:40  Orbital Command  
  143  15:57  Sensor Tower  
  143  16:00  Refinery  
  143  16:22  Starport Tech Lab  
  143  16:23  Battlecruiser  
  143  16:24  Battlecruiser x3  
  167  16:26  Supply Depot  
  167  16:27  Refinery  
  167  16:49  Orbital Command, Command Center  
  167  16:53  Sensor Tower  
  167  17:03  Terran Vehicle And Ship Armor Level 2  
  167  17:04  Command Center  
  167  17:05  Terran Vehicle Weapons Level 3  
  167  17:22  Battlecruiser  
  173  17:28  Battlecruiser x4  
  197  17:32  Starport Tech Lab  
  197  17:48  Hellbat  
  171  18:19  Battlecruiser  
  135  18:26  Battlecruiser  
  141  18:32  Battlecruiser x3  
  133  19:07  Battlecruiser  
  114  19:39  Thor x3  
Tags
 
Add a new tag
Caveats
  • Supply blocks, unpowered buildings, or Contaminate may cause inaccurate times.
  • Supply counts are checked every 10 seconds.